 Seeded DCSS version 0.29-a0-234-g0dae59b3db (webtiles) character file.

Game seed: 69420690 (custom seed)

1 jij1949 the Grave Robber (level 1, 0/14 HPs)
             Began as a Minotaur Necromancer on Mar 3, 2022.
             Slain by a jackal (3 damage)
             ... on level 1 of the Dungeon.
             The game lasted 00:00:44 (78 turns).

jij1949 the Grave Robber (Minotaur Necromancer)       Turns: 78, Time: 00:00:44

Health: 0/14       AC:  2    Str: 12    XL:     1   Next: 16%
Magic:  1/1        EV: 12    Int: 12    God:
Gold:   0          SH:  0    Dex: 10    Spells: 1/2 levels left

rFire   . . .      SeeInvis .   (no weapon)
rCold   . . .      Faith    .   (no shield)
rNeg    . . .      Spirit   .   a - +0 robe
rPois   .          Reflect  .   (helmet restricted)
rElec   .          Harm     .   (no cloak)
rCorr   .          Rampage  .   (no gloves)
Will    .....                   (no boots)
Stlth   ++........              (no amulet)
HPRegen 0.04/turn               (no ring)
MPRegen 0.07/turn               (no ring)

@: no status effects
A: horns 2, retaliatory headbutt
a: no special abilities


You were on level 1 of the Dungeon.
You visited 1 branch of the dungeon, and saw 1 of its levels.

Inventory:

Armour
 a - a +0 robe (worn)


   Skills:
 + Level 2.1 Dodging
 + Level 1.5 Stealth
 + Level 1.3 Spellcasting
 + Level 3.0 Necromancy


You had one spell level left.
You knew the following spells:

 Your Spells              Type           Power      Damage    Failure   Level
a - Pain                  Necr           32%        1d5       9%          1

Your spell library contained the following spells:

 Spells                   Type           Power      Damage    Failure   Level
 Animate Skeleton         Necr           16%        N/A       9%          1
 Vampiric Draining        Necr           8%         2d6       26%         3
 Animate Dead             Necr           4%         N/A       63%         4
 Agony                    Necr           8%         N/A       93%         5


Dungeon Overview and Level Annotations

Branches:
Dungeon (1/15)

Altars:


Innate Abilities, Weirdness & Mutations

You have a pair of horns on your head.
You reflexively headbutt those who attack you in melee.


Message History

Okay, then.
Found 11 gold pieces. 3 jackals and an endoplasm come into view.
Found a stone staircase leading down.
The jackal barks!
Found an embroidered scarf.
The jackal bites you but does no damage. x2
The jackal barks!
You see here 11 gold pieces.
You closely miss the jackal.
The jackal barks!
The jackal completely misses you.
You barely miss the jackal. The jackal closely misses you.
The jackal bites you. x2; The jackal misses you.
The jackal closely misses you. The jackal barely misses you.
The jackal closely misses you. The jackal misses you. The jackal bites you.
The jackal bites you.
You hit the jackal.
The jackal is lightly wounded.
The jackal bites you but does no damage.
The jackal pauses to sniff the ground.
You hit the jackal. Your headbutt misses the jackal.
The jackal is moderately wounded.
The jackal barely misses you. The jackal bites you. The jackal misses you.
You furiously retaliate!
You headbutt the jackal. The jackal closely misses you.
The jackal barely misses you. You furiously retaliate!
You headbutt the jackal!
You kill the jackal!
Your Necromancy skill increases to level 3!
The jackal barely misses you. You furiously retaliate!
You headbutt the jackal. The jackal misses you. The jackal bites you.
* * * LOW HITPOINT WARNING * * *
The jackal barely misses you. The jackal bites you.
* * * LOW HITPOINT WARNING * * *
The jackal bites you.
You die...

#########################
#..h...J....†............
#.#######################
#.J...hh@.......
#'##############
#<....... #########


You could see an endoplasm and 2 jackals.

Vanquished Creatures
  A jackal (D:1)
1 creature vanquished.

Notes
Turn   | Place    | Note
-------+----------+-------------------------------------------
     0 | D:1      | jij1949 the Minotaur Necromancer began the quest for the
                  | Orb.
     0 | D:1      | Reached XP level 1. HP: 14/14 MP: 1/1
    62 | D:1      | Reached skill level 3 in Necromancy
    78 | D:1      | Slain by a jackal

Illustrated notes

Levels and vault maps discovered:
D:1:      wheals_arrival_linesprint, layout_loops_ring, serial_aquarium,
          aquarium_bridge_square [aquarium_subvault_bridge,
          aquarium_subvault_bridge, aquarium_subvault_bridge,
          aquarium_subvault_window], aquarium_bridge_square
          [aquarium_subvault_window, aquarium_subvault_bridge,
          aquarium_subvault_wall, aquarium_subvault_window],
          aquarium_window_corner, aquarium_window_corner, aquarium_view_2b,
          aquarium_balcony_double_1, aquarium_pool_2, minivault_19

Skill      XL: |  1 |
---------------+----+-----
Necromancy     | 3 |  3.0
Dodging        | |  2.1
Stealth        | |  1.5
Spellcasting   | |  1.3

Action                   || total
-------------------------++-------
Melee: Unarmed           ||     4
Armor: Robe              ||     3
Dodge: Dodged            ||    14

Table legend: (Time is in decaauts)
 A = Elapsed time spent in this place.
 B = Non-inter-level travel time spent in this place.
 C = Inter-level travel time spent in this place.
 D = Time resting spent in this place.
 E = Time spent auto-exploring this place.
 F = Levels seen in this place.
 G = Mean time per level.
                   A        B        C        D        E       F      G
               +--------+--------+--------+--------+--------+-----+--------+
         Total |     78 |     45 |     33 |      0 |      0 |   1 |   78.0 |
       Dungeon |     78 |     45 |     33 |      0 |      0 |   1 |   78.0 |
               +--------+--------+--------+--------+--------+-----+--------+

Top non-repeatable levels by time:
     D:1: 78 daAuts
